[ PARTIDA AOE2 · #464676620 ]
UnrankedDrávidas vs Spanish
Equipo del jugador · DERR
[ ANÁLISIS DE REPETICIÓN · EXTRAÍDO DE LA PARTIDA GRABADA ]
Feudal
—
Castillos
—
Imperial
—
| APM promedio | 28.8 |
| APM pico | 14 |
| eAPM promedio | 24.7 |
| Aldeanos / militares | 2 / 0 |
Foco
⚔️ 0.0% · 🌾 100.0%
Feudal
—
Castillos
—
Imperial
—
| APM promedio | 14.4 |
| APM pico | 7 |
| eAPM promedio | 12.3 |
| Aldeanos / militares | 2 / 0 |
Foco
⚔️ 0.0% · 🌾 100.0%
Feudal
—
Castillos
—
Imperial
—
| APM promedio | 18.5 |
| APM pico | 9 |
| eAPM promedio | 18.5 |
| Aldeanos / militares | 4 / 0 |
Foco
⚔️ 0.0% · 🌾 100.0%
Feudal
—
Castillos
—
Imperial
—
| APM promedio | 14.4 |
| APM pico | 7 |
| eAPM promedio | 14.4 |
| Aldeanos / militares | 2 / 0 |
Foco
⚔️ 0.0% · 🌾 100.0%
Feudal
—
Castillos
—
Imperial
—
| APM promedio | 6.2 |
| APM pico | 3 |
| eAPM promedio | 6.2 |
| Aldeanos / militares | 0 / 0 |
Feudal
—
Castillos
—
Imperial
—
| APM promedio | 18.5 |
| APM pico | 9 |
| eAPM promedio | 18.5 |
| Aldeanos / militares | 0 / 0 |
Foco
⚔️ 0.0% · 🌾 100.0%
Feudal
—
Castillos
—
Imperial
—
| APM promedio | 18.5 |
| APM pico | 9 |
| eAPM promedio | 18.5 |
| Aldeanos / militares | 0 / 0 |
Feudal
—
Castillos
—
Imperial
—
| APM promedio | 8.2 |
| APM pico | 4 |
| eAPM promedio | 8.2 |
| Aldeanos / militares | 0 / 0 |
Foco
⚔️ 0.0% · 🌾 100.0%
Mapa de la partida
Recursos iniciales + cada clic de construcción. Líneas = muros · curvas = relieve. ◆ oro · ⬟ piedra · ● bayas · ✦ reliquia · ◌ hueco del cierre
Tu base
Base de BidCarton8291
Base de cowboy
Base de Pr3mier
Base de vuvukiller
Base de redmoyes
Base de WhoCanStopTheRain?
Base de Not for Me4408
Terreno inicial suavizado · ◌ = hueco del cierre detectado · pasá el cursor para detalles
Inputs por minuto
— Anusbananus - - BidCarton8291
Build order — Anusbananus
4 acciones detectadas en el replay
| 0:01 | Crear | Villager (Male) |
| 0:01 | Crear | Villager (Male) |
| 0:03 | Construir | House |
| 0:05 | Construir | House |
Build order — BidCarton8291
4 acciones detectadas en el replay
| 0:00 | Crear | Villager (Male) |
| 0:01 | Crear | Villager (Male) |
| 0:03 | Construir | House |
| 0:06 | Construir | House |
Build order — cowboy
6 acciones detectadas en el replay
| 0:01 | Crear | Villager (Male) |
| 0:01 | Crear | Villager (Male) |
| 0:01 | Crear | Villager (Male) |
| 0:02 | Crear | Villager (Male) |
| 0:03 | Construir | House |
| 0:04 | Construir | House |
Build order — Pr3mier
2 acciones detectadas en el replay
| 0:01 | Crear | Villager (Male) |
| 0:01 | Crear | Villager (Male) |
Build order — vuvukiller
0 acciones detectadas en el replay
Build order — redmoyes
2 acciones detectadas en el replay
| 0:10 | Construir | House |
| 0:13 | Construir | House |
Build order — WhoCanStopTheRain?
0 acciones detectadas en el replay
Build order — Not for Me4408
1 acciones detectadas en el replay
| 0:03 | Construir | House |
Cronología de la partida
| 0:01 | WhoCanStopTheRain? · resign |
[ ANÁLISIS IA · 1 CRÉDITO ]
¿Qué pasó realmente en esta partida?
Wolo.gg analiza cada decisión: build order, eco, micro, errores típicos por bracket. Análisis personalizado por WhatsApp o Discord en 30 segundos.
Guía civ
Drávidas
Guía mapa
Arena
Perfil
Jugador #239608